 Dungeon Crawl Stone Soup version 0.28-a0-664-gc179e30c89 (webtiles) character file.

Game seed: 16912006721353716741

6345 bande the Cleaver (level 10, -2/61 HPs)
             Began as a Gargoyle Fighter on Oct 16, 2021.
             Was an Elder of Okawaru.
             Slain by a komodo dragon (16 damage)
             ... on level 10 of the Dungeon.
             The game lasted 00:21:46 (12584 turns).

bande the Cleaver (Gargoyle Fighter)               Turns: 12584, Time: 00:21:47

Health: -2/61      AC: 23    Str: 20    XL:     10   Next: 96%
Magic:  14/14      EV: 10    Int: 10    God:    Okawaru [****..]
Gold:   740        SH: 11    Dex: 17    Spells: 9/9 levels left

rFire   . . .      SeeInvis .   a - +1 war axe
rCold   . . .      Faith    .   c - +0 buckler
rNeg    + . .      Spirit   .   z - +0 plate armour
rPois   ∞          Reflect  +   y - +0 helmet
rElec   +          Harm     .   (no cloak)
rCorr   .          Rampage  .   t - +0 pair of gloves
Will    .....                   (no boots)
Stlth   ..........              d - amulet of reflection
HPRegen 0.20/turn               j - +6 ring of dexterity
MPRegen 0.14/turn               r - +4 ring of evasion

@: no status effects
A: sickness immunity, AC +7, negative energy resistance 1, electricity
resistance, torment resistance 1, petrification resistance
a: Renounce Religion, Heroism, Finesse


You were on level 10 of the Dungeon.
You worshipped Okawaru.
Okawaru was greatly pleased with you.
You visited 2 branches of the dungeon, and saw 11 of its levels.

You collected 740 gold pieces.

Inventory:

Hand Weapons
 a - a +1 war axe (weapon)
 p - the +3 mace "Huafen" {venom, rElec}
   (You found it on level 8 of the Dungeon)

   It poisons the flesh of those it strikes.
   rElec:     It insulates you from electricity.
Missiles
 f - a throwing net (quivered)
 v - 14 boomerangs of dispersal
Armour
 c - a +0 buckler (worn)
 t - a +0 pair of gloves (worn)
 y - a +0 helmet (worn)
 z - a +0 plate armour (worn)
Jewellery
 d - an amulet of reflection (around neck)
 g - an amulet of faith
 j - a +6 ring of dexterity (left hand)
 q - a ring of magical power
 r - a +4 ring of evasion (right hand)
 w - an amulet of regeneration
Wands
 k - a wand of flame (20)
 l - a wand of acid (14)
 x - a wand of polymorph (12)
Scrolls
 e - 4 scrolls of teleportation
 i - 5 scrolls of fear
 s - 4 scrolls of identify
Potions
 b - 3 potions of cancellation
 h - a potion of invisibility
 m - 3 potions of flight
 n - a potion of berserk rage
 o - a potion of curing
 u - 2 potions of might


   Skills:
 + Level 6.6 Fighting
 + Level 9.3 Axes
 + Level 7.6 Armour
 + Level 7.4 Shields
 * Level 5.7 Invocations
 * Level 5.2 Evocations


You had 9 spell levels left.
You didn't know any spells.
Your spell library contained the following spells:

 Spells                   Type           Power      Damage    Failure   Level
 Slow                     Hex            0%         N/A       100%        2
 Confusing Touch          Hex            0%         N/A       100%        3
 Vampiric Draining        Necr           0%         2d6       100%        3


Dungeon Overview and Level Annotations

Branches:
Dungeon (10/15)            Temple (1/1) D:4
   Lair: D:8-11         Orc: D:9-12

Altars:
Cheibriados
Dithmenos
Elyvilon
Fedhas
Gozag
Kikubaaqudgha
Makhleb
Nemelex Xobeh
Okawaru
Qazlal
Ru
Sif Muna
Vehumet
Wu Jian
Xom
Yredelemnul
Zin
The Shining One


Innate Abilities, Weirdness & Mutations

You are immune to sickness and miasma.
Your stone body is resilient. (AC +7)
You are immune to poison.
You resist negative energy. (rN+)
You are resistant to electric shocks. (rElec)
You are resistant to unholy torment.
You are immune to petrification.


Message History

You now have 740 gold pieces (gained 14).
There is a stone staircase leading up here.
A yak comes into view.
Found a purple potion.
The yak bellows!
You hear an angry hiss. x2; You hear a shout! x5
A komodo dragon comes into view.
The komodo dragon bites you!!
You slash the komodo dragon!
The komodo dragon is lightly wounded.
The komodo dragon barely misses you.
An orc wizard comes into view. It is wielding a +0 dagger.
You slash the komodo dragon!
The komodo dragon is moderately wounded.
The komodo dragon bites you.
You hit the komodo dragon.
The komodo dragon is moderately wounded.
A centaur warrior comes into view.
The komodo dragon bites you!!
* * * LOW HITPOINT WARNING * * *
The centaur warrior shouts!
You are too injured to fight recklessly!
You are too injured to fight recklessly!
You are too injured to fight recklessly!
You are too injured to fight recklessly!
You are too injured to fight recklessly!
You are too injured to fight recklessly!
You are too injured to fight recklessly!
You are too injured to fight recklessly!
You are too injured to fight recklessly!
You hear a shout! x3
A steam dragon comes into view.
The centaur warrior wields a +0 shortbow.
The centaur warrior shoots an arrow.
You reflect the arrow off an invisible shield around you!
The arrow hits the centaur warrior!
There is a stone staircase leading up here.
The centaur warrior shoots an arrow.
The arrow hits you.
* * * LOW HITPOINT WARNING * * *
The komodo dragon bites you!
You die...

#c.Y..# #...###D#
#.###...# ###..o#.#
###....c..###
###...........#
###...##Y.......#
###.....##l.......#
###.........@...>...#
###..........#........#
###............#........#
..............##........#
....##...#...###........#
.##.########## ##########
#.# #.## #..#


You could see a centaur warrior, a komodo dragon, a yak, a steam dragon and an
orc wizard.

Vanquished Creatures
  2 two-headed ogres
  9 yaks
  An acid dragon (D:8)
  2 water moccasins (D:6)
  3 sky beasts (D:5)
  3 orc warriors (D:8)
  A black bear (D:3)
  An ogre (D:4)
  5 necrophages
  A centaur (D:7)
  3 kobold brigands
  Blork the orc (D:4)
  2 gnoll sergeants
  A wyvern zombie (D:7)
  A scorpion (D:3)
  A water moccasin zombie (D:7)
  A water moccasin skeleton (D:4)
  5 killer bees (D:8)
  3 wights (D:8)
  A howler monkey (D:7)
  3 centaur zombies
  3 hounds
  A human zombie (D:4)
  4 orc priests
  7 jellies
  2 bullfrog skeletons
  A centaur skeleton (D:7)
  3 gnoll shamans
  4 scorpion zombies (D:4)
  Terence (D:1)
  3 iguanas
  An orc wizard (D:9)
  A hound skeleton (D:5)
  2 mummies (D:4)
  18 gnolls
  6 adders
  A shadow imp (D:5)
  2 white imps
  An ufetubus (D:4)
  2 adder zombies (D:4)
  An adder skeleton (D:4)
  3 dart slugs
  34 orcs
  4 endoplasms
  2 giant cockroaches (D:2)
  7 goblins
  4 hobgoblins
  7 jackals (D:2)
  16 kobolds
  3 ball pythons
  3 bats
  2 rats
199 creatures vanquished.

Notes
Turn   | Place    | Note
-------+----------+-------------------------------------------
     0 | D:1      | bande the Gargoyle Fighter began the quest for the Orb.
     0 | D:1      | Reached XP level 1. HP: 14/14 MP: 1/1
    99 | D:1      | Found a faded altar of an unknown god.
   152 | D:1      | Reached XP level 2. HP: 15/19 MP: 2/2
  1306 | D:2      | Noticed Terence
  1322 | D:1      | Killed Terence
  1323 | D:1      | Reached skill level 2 in Axes
  1323 | D:1      | Reached XP level 3. HP: 4/24 MP: 3/3
  1716 | D:2      | Reached XP level 4. HP: 26/29 MP: 4/4
  1894 | D:2      | Reached skill level 3 in Axes
  2271 | D:3      | Noticed a black bear
  2284 | D:3      | Killed a black bear
  2285 | D:3      | Reached XP level 5. HP: 10/33 MP: 5/5
  2896 | D:3      | Reached XP level 6. HP: 15/38 MP: 6/6
  3664 | D:4      | Noticed Blork the orc
  3679 | D:4      | Killed Blork the orc
  3680 | D:4      | Reached skill level 4 in Axes
  3865 | D:4      | Reached skill level 5 in Armour
  3939 | D:4      | Reached XP level 7. HP: 37/44 MP: 7/7
  4258 | D:4      | Reached skill level 5 in Axes
  4270 | D:4      | Found a basalt altar of Yredelemnul.
  4329 | D:4      | Reached skill level 1 in Evocations
  4468 | D:4      | Reached skill level 5 in Shields
  4468 | D:4      | Reached XP level 8. HP: 46/48 MP: 8/8
  5130 | D:4      | Found a staircase to the Ecumenical Temple.
  5143 | D:4      | Reached skill level 6 in Axes
  5160 | Temple   | Entered the Ecumenical Temple
  5367 | Temple   | Became a worshipper of Warmaster Okawaru
  5443 | D:5      | Entered Level 5 of the Dungeon
  5680 | D:5      | Found an ornate altar of the Wu Jian Council.
  5804 | D:4      | Reached skill level 1 in Invocations
  6300 | D:5      | Reached skill level 5 in Fighting
  7091 | D:6      | Reached * piety under Okawaru
  7166 | D:6      | Noticed a yak
  7166 | D:6      | Noticed a yak
  7167 | D:6      | Noticed a yak
  7168 | D:6      | Noticed a yak
  7300 | D:7      | Killed a yak
  7301 | D:7      | Reached XP level 9. HP: 31/54 MP: 10/10
  7442 | D:7      | Reached skill level 7 in Axes
  7714 | D:6      | Reached ** piety under Okawaru
  7817 | D:6      | Found a glowing golden altar of the Shining One.
  8442 | D:7      | Found a glowing silver altar of Zin.
  8499 | D:7      | Found a sparkling altar of Nemelex Xobeh.
  8536 | D:7      | Noticed a two-headed ogre
  8798 | D:6      | Killed a two-headed ogre
  8798 | D:6      | Reached *** piety under Okawaru
  8799 | D:6      | Reached skill level 8 in Axes
  8799 | D:6      | Reached XP level 10. HP: 5/60 MP: 11/13
  9368 | D:7      | Found a blossoming altar of Fedhas.
 10651 | D:8      | Identified the +3 mace "Huafen" {venom, rElec}
 10657 | D:8      | Found a burning altar of Makhleb.
 11239 | D:8      | Reached skill level 5 in Invocations
 11325 | D:9      | Noticed a two-headed ogre
 11335 | D:9      | Killed a two-headed ogre
 11335 | D:9      | Reached **** piety under Okawaru
 12001 | D:9      | Reached skill level 5 in Evocations
 12007 | D:9      | Reached skill level 9 in Axes
 12244 | D:10     | Entered Level 10 of the Dungeon
 12574 | D:10     | Noticed a centaur warrior
 12584 | D:10     | Slain by a komodo dragon

Illustrated notes

Levels and vault maps discovered:
D:1:      minmay_arrival_nine_rooms, layout_basic, shapermc_ecumenical_altar_gd,
          st_stairs_3, grunt_decor_clamped, minmay_misc_feat_more_columns
D:2:      layout_basic, uniq_terence
D:3:      layout_basic
D:4:      layout_rooms, lemuel_mausoleum_altar_yredelemnul,
          minmay_temple_entry_junction, uniq_blork_the_orc
D:5:      layout_basic, nicolae_wu_jian_wuxing_cycle
D:6:      layout_basic, tso_metal_star, kennysheep_generic_room_15
D:7:      layout_basic, fedhas_altar_2, jmf_multi_god_temple,
          minmay_misc_feat_tower, minmay_fractal_squares_5
D:8:      layout_basic, mainiacjoe_overflow_six_doors_small,
          minmay_unpleasant_kobolds
D:9:      layout_roguey [special_room_orc]
D:10:     minmay_the_grid_triangle_9x9_recursive_2_mashed
          [minmay_the_grid_triangle_9x9_prize_top_heavy,
          minmay_the_grid_triangle_9x9_stretched_checkered,
          minmay_the_grid_triangle_9x9_corruption,
          minmay_the_grid_triangle_9x9_alien], layout_rooms,
          minmay_misc_feat_rugged
Temple:   regret_index_temple_generic_petals

Skill      XL: |  1  2  3  4  5  6  7  8  9 10 |
---------------+-------------------------------+-----
Axes           | 2 3 4 5 6 8 9 |  9.3
Armour         | 4 5 6 7 |  7.6
Shields        | 4 5 6 7 |  7.4
Fighting       | 4 5 6 |  6.6
Evocations     | 1 3 4 5 |  5.2
Invocations    | 2 4 5 |  5.7

Action                   |  1- 3 |  4- 6 |  7- 9 | 10-12 || total
-------------------------+-------+-------+-------+-------++-------
Melee: War axe           |    71 |   134 |   374 |   311 ||   890
  Use: Potion            |     1 |       |       |     4 ||     5
       Scroll            |       |     2 |     5 |     5 ||    12
Armor: Scale mail        |    51 |    92 |    60 |       ||   203
       Chain mail        |       |       |   104 |    91 ||   195
       Plate armour      |       |       |       |    57 ||    57
Dodge: Dodged            |    30 |    66 |   112 |   165 ||   373
Block: Buckler           |    13 |    74 |   198 |   231 ||   516
       Reflection        |       |     3 |     1 |    14 ||    18

Table legend: (Time is in decaauts)
 A = Elapsed time spent in this place.
 B = Non-inter-level travel time spent in this place.
 C = Inter-level travel time spent in this place.
 D = Time resting spent in this place.
 E = Time spent auto-exploring this place.
 F = Levels seen in this place.
 G = Mean time per level.
                   A        B        C        D        E       F      G
               +--------+--------+--------+--------+--------+-----+--------+
         Total |  12770 |  12453 |    317 |   3608 |   6367 |  11 | 1160.9 |
       Dungeon |  12536 |  12219 |    317 |   3608 |   6175 |  10 | 1253.6 |
        Temple |    234 |    234 |      0 |      0 |    192 |   1 |  234.0 |
               +--------+--------+--------+--------+--------+-----+--------+

Top non-repeatable levels by time:
     D:4: 2142 daAuts
     D:6: 1675 daAuts
     D:1: 1567 daAuts
     D:7: 1481 daAuts
     D:8: 1480 daAuts
     D:3: 1347 daAuts
     D:5: 1238 daAuts
     D:9: 745 daAuts
     D:2: 515 daAuts
    D:10: 342 daAuts
  Temple: 234 daAuts
